 Dungeon Crawl Stone Soup version 0.21-a0-641-geef9d7f (webtiles) character file.

5014 Firecrotchwizard the Cleaver (level 10, -1/92 HPs)
             Began as a Deep Dwarf Fighter on Dec 31, 2017.
             Was an Elder of Makhleb.
             Slain by an orc warrior
             ... wielding a +0 glaive
              (7 damage)
             ... on level 9 of the Dungeon.
             The game lasted 00:19:39 (7138 turns).

Firecrotchwizard the Cleaver (Deep Dwarf Fighter)   Turns: 7138, Time: 00:19:40

Health: -1/92      AC: 16    Str: 19    XL:     10   Next: 30%
Magic:  9/9        EV:  8    Int: 10    God:    Makhleb [****..]
Gold:   493        SH:  7    Dex: 18    Spells: 9/9 levels left

rFire    . . .     SeeInvis +   b - +2 war axe (freeze)
rCold    . . .     Gourm    .   w - +1 buckler {reflect}
rNeg     . . .     Faith    .   p - +0 plate armour
rPois    .         Spirit   .   (no helmet)
rElec    .         Reflect  +   (no cloak)
rCorr    .         Harm     .   M - +2 pair of gloves {Dex+3}
MR       +....                  (no boots)
Stlth    ..........             (no amulet)
HPRegen  0.00/turn              o - ring of see invisible {sInv, !d}
MPRegen  0.11/turn              y - ring of wizardry {Wiz+, !d}

@: non-regenerating
A: damage resistance, heal wounds, sense surroundings 2, no regeneration
a: Heal Wounds, Minor Destruction, Lesser Servant of Makhleb, Major Destruction,
Renounce Religion


You were on level 9 of the Dungeon.
You worshipped Makhleb.
Makhleb was greatly pleased with you.
You were not hungry.

You visited 2 branches of the dungeon, and saw 10 of its levels.
You also visited: Sewer.

You collected 493 gold pieces.

Inventory:

Hand Weapons
 a - a +1 war axe
 b - a +2 war axe of freezing (weapon)
   (You took it off an orc warrior on level 9 of the Dungeon)
 k - a +0 dagger of venom
   (You took it off an orc wizard on level 9 of the Dungeon)
Missiles
 I - a throwing net {=f, !d}
Armour
 c - a +0 shield
 p - a +0 plate armour (worn)
   (You found it on level 2 of the Dungeon)
 w - a +1 buckler of reflection (worn)
   (You found it on level 3 of the Dungeon)
 M - a +2 pair of gloves of dexterity (worn)
   (You found it on level 8 of the Dungeon)
Jewellery
 o - a ring of see invisible (left hand) {sInv, !d}
   (You found it on level 4 of the Dungeon)
 y - a ring of wizardry (right hand) {Wiz+, !d}
   (You found it on level 4 of the Dungeon)
Wands
 l - a wand of digging (7)
   (You found it on level 4 of the Dungeon)
 x - a wand of enslavement (6)
   (You found it on level 4 of the Dungeon)
Scrolls
 e - 2 scrolls of magic mapping {!r}
 g - 5 scrolls of teleportation
 j - a scroll of amnesia
 t - a scroll of enchant weapon
 z - 5 scrolls of remove curse
 A - a scroll of fog
 E - 2 scrolls of vulnerability {!r!r}
Potions
 d - 2 potions of might
 h - 3 potions of brilliance
 i - 2 potions of agility
 m - a potion of lignification {unknown}
 n - 3 potions of curing
 q - 2 potions of flight {unknown}
 r - a potion of mutation {unknown}
 s - 2 potions of invisibility {unknown}
 v - 2 potions of berserk rage {unknown}
 C - 4 potions of heal wounds
 D - a potion of haste {unknown}
 H - 3 potions of ambrosia {unknown}
Comestibles
 f - 16 rations {@e1}
 N - 17 chunks of flesh {@w0}


   Skills:
 + Level 6.5 Fighting
 * Level 10.3 Axes
 + Level 7.8 Armour
 - Level 4.7 Dodging
 - Level 6.2 Shields
 + Level 5.7 Invocations


You had 9 spell levels left.
You didn't know any spells.

Dungeon Overview and Level Annotations

Branches:
Dungeon (9/15)             Temple (1/1) D:4            Lair (0/6) D:8
    Orc (0/2) D:9

Altars:
Cheibriados
Dithmenos
Elyvilon
Fedhas
Kikubaaqudgha
Makhleb
Okawaru
Qazlal
Ru
Sif Muna
Trog
Uskayaw
Wu Jian
Yredelemnul
Zin
The Shining One


Innate Abilities, Weirdness & Mutations

You are resistant to damage.
You can heal yourself by infusing magical energy.
You passively map the area around you.
You do not regenerate.


Message History

a mace of protection; a chain mail; a leather armour
m - a sedimented amethyst potion
Things that are here:
a club; a leather armour; an orc corpse You butcher the orc corpse.
N - 31 chunks of flesh {@w0} (gained 1)
Things that are here:
a club; a leather armour
Things that are here:
a club; a leather armour
z - 5 scrolls of remove curse (gained 1) Some of the chunks of flesh in your inventory have rotted away.
You now have 493 gold pieces (gained 19).
Some of the chunks of flesh in your inventory have rotted away.
You open the door.
Found a staircase to the Orcish Mines.
There is an open door here.
Items here: )))) [[[ รท Some of the chunks of flesh in your inventory have rotted away.
A leopard gecko comes into view.
The leopard gecko hisses angrily.
You hit the leopard gecko. You freeze the leopard gecko.
You kill the leopard gecko!
Makhleb accepts your kill.
You feel better.
No target in view!
No target in view!
As you read the scroll of identify, it crumbles to dust.
C - 4 potions of heal wounds
As you read the scroll of identify, it crumbles to dust.
h - 3 potions of brilliance
As you read the scroll of identify, it crumbles to dust.
i - 2 potions of agility Some of the chunks of flesh in your inventory have rotted away.
An orc comes into view.
An orc, an orc warrior and an orc wizard come into view.
The orc warrior shouts!
The orc shouts!
The orc wizard shouts!
An orc priest comes into view.
The orc priest shouts!
The orc hits you but does no damage.
You slash the orc! You freeze the orc.
You kill the orc!
Makhleb accepts your kill.
You feel better. The orc warrior closely misses you.
The orc priest looks braver for a moment.
You closely miss the orc wizard. You closely miss the orc.
You block the orc's attack.
The orc wizard hits you but does no damage.
The orc warrior hits you from afar with a glaive!
You take 6 damage, and have 60/92 hp.
You hit the orc wizard. You freeze the orc wizard. You hit the orc.
You freeze the orc. The orc wizard barely misses you.
The orc closely misses you. The orc warrior closely misses you.
You closely miss the orc. You barely miss the orc wizard.
You slash the orc priest! You freeze the orc priest.
You kill the orc priest!
Makhleb accepts your kill.
You feel better.
The orc wizard gestures wildly while chanting.
The orc wizard seems to speed up.
You block the orc's attack.
You regained 3 hp, and now have 63/92 hp.
You slash the orc! You freeze the orc.
You kill the orc!
Makhleb accepts your kill.
You hit the orc wizard. You freeze the orc wizard.
The orc wizard hits you but does no damage.
The orc warrior hits you from afar with a glaive!!
The orc wizard gestures at you while chanting.
The magic dart hits you!
You take 17 damage, and have 46/92 hp.
You are too injured to fight recklessly!
You are too injured to fight recklessly!
The orc wizard hits you with a dagger. The orc warrior hits you with a glaive!
You see here a mace.
You take 5 damage, and have 41/92 hp.
Your plate armour prevents you from hitting the orc warrior.
You closely miss the orc wizard.
The orc wizard hits you but does no damage.
The orc warrior hits you with a glaive! You block the orc wizard's attack.
You take 9 damage, and have 32/92 hp.
Your plate armour prevents you from hitting the orc warrior.
You slash the orc wizard! You freeze the orc wizard.
You kill the orc wizard!
Makhleb accepts your kill.
You feel better. The orc warrior hits you with a glaive!
* * * LOW HITPOINT WARNING * * *
You take 5 damage, and have 27/92 hp.
You hit the orc warrior but do no damage.
You slash the orc warrior! You freeze the orc warrior.
The orc warrior hits you with a glaive!
* * * LOW HITPOINT WARNING * * *
You take 12 damage, and have 15/92 hp.
You hit the orc warrior. You freeze the orc warrior.
The orc warrior hits you with a glaive!
* * * LOW HITPOINT WARNING * * *
You take 9 damage, and have 6/92 hp.
You hit the orc warrior. You freeze the orc warrior.
The orc warrior hits you with a glaive!
You die...

,
......................
* , **
#.........#####......
, #.........# #......
#.........# #...... ,*
, #)........# #......
#.........# #...... *
, #..$......# #......
#.........# #......
#..[@)....# #...... ,
* #[.o......# #......
* #.......$.# #......
#.........# #...... *
* #.........# #......
,* #.........# #......
* * #.........#
#...... * ,
#.......$.# #...... ,
* , , , #......


You could see an orc warrior.

Vanquished Creatures
  A troll (D:8)
  A hippogriff (D:7)
  A wyvern (D:8)
  A hungry ghost (D:7)
  A water moccasin (D:9)
  2 ice beasts (D:7)
  2 sky beasts
  2 black bears
  A phantom (D:4)
  4 orc warriors
  The ghost of operationiv the Chopper, an amateur MiBe of Trog (D:3)
  3 ogres (D:5)
  A wolf (D:8)
  The ghost of frogmouthbird the Firebug, an amateur HOFE (D:4)
  2 centaurs
  4 big kobolds
  Blork the orc (D:5)
  4 bullfrogs
  A gnoll sergeant (D:7)
  A howler monkey (D:5)
  4 electric eels (D:8)
  3 crimson imps
  A jelly (D:5)
  A bullfrog zombie (D:5)
  8 orc priests
  6 hounds
  9 orc wizards
  4 iguanas
  8 worker ants
  A hound zombie (D:5)
  2 worker ant zombies
  15 gnolls
  17 adders
  2 oozes (Sewer)
  4 adder skeletons
  7 worms
  A dart slug (D:1)
  4 leopard geckos
  47 orcs
  8 ball pythons
  5 bats
  4 giant cockroaches
  8 goblins
  5 hobgoblins
  20 jackals
  27 kobolds
  A quokka (D:4)
  5 frilled lizards
  A jackal skeleton (D:4)
  A jackal zombie (D:5)
  5 rats
269 creatures vanquished.

Notes
Turn   | Place    | Note
-------+----------+-------------------------------------------
     0 | D:1      | Firecrotchwizard the Deep Dwarf Fighter began the quest for the Orb.
     0 | D:1      | Reached XP level 1. HP: 20/20 MP: 1/1
   229 | D:1      | Reached XP level 2. HP: 25/27 MP: 2/2
   717 | D:2      | Reached XP level 3. HP: 26/33 MP: 3/3
   813 | D:2      | Reached skill level 1 in Dodging
   820 | D:2      | Reached skill level 3 in Fighting
   855 | D:2      | Reached skill level 3 in Axes
  1142 | D:2      | Reached XP level 4. HP: 31/42 MP: 4/4
  1493 | D:3      | Noticed operationiv's ghost (amateur MiBe)
  1540 | D:3      | Killed operationiv's ghost
  1540 | D:3      | Reached skill level 4 in Armour
  1540 | D:3      | Reached skill level 2 in Dodging
  1540 | D:3      | Reached skill level 4 in Shields
  1540 | D:3      | Reached XP level 5. HP: 22/49 MP: 5/5
  1623 | D:3      | Reached skill level 4 in Axes
  1929 | D:3      | Reached XP level 6. HP: 56/56 MP: 5/5
  2083 | D:4      | Noticed frogmouthbird's ghost (amateur HOFE)
  2093 | D:4      | Killed frogmouthbird's ghost
  2129 | D:4      | Found a glowing silver altar of Zin.
  2147 | D:4      | Found a white marble altar of Elyvilon.
  2349 | D:4      | Reached skill level 5 in Axes
  2363 | D:4      | Reached skill level 3 in Dodging
  2363 | D:4      | Reached XP level 7. HP: 60/63 MP: 5/5
  2432 | D:4      | Found a staircase to the Ecumenical Temple.
  2441 | Temple   | Entered the Ecumenical Temple
  2481 | Temple   | Became a worshipper of Makhleb the Destroyer
  2739 | D:5      | Entered Level 5 of the Dungeon
  2819 | D:5      | Reached skill level 4 in Fighting
  2819 | D:5      | Reached skill level 5 in Shields
  2946 | D:5      | Reached skill level 5 in Armour
  2951 | D:5      | Reached skill level 6 in Axes
  3127 | D:5      | Reached XP level 8. HP: 30/73 MP: 6/6
  3173 | D:5      | Reached * piety under Makhleb
  3173 | D:5      | Reached skill level 4 in Dodging
  3384 | D:5      | Reached skill level 7 in Axes
  3463 | D:5      | Noticed Blork the orc
  3476 | D:5      | Killed Blork the orc
  3734 | D:6      | Reached skill level 6 in Shields
  3752 | D:6      | Found a glowing drain.
  3776 | Sewer    | Entered a sewer
  4055 | Sewer    | Reached skill level 5 in Fighting
  4055 | Sewer    | Reached skill level 6 in Armour
  4056 | Sewer    | Reached ** piety under Makhleb
  4714 | D:7      | Reached skill level 1 in Invocations
  4759 | D:7      | Gained mutation: You passively map the area around you. [Deep Dwarf growth]
  4759 | D:7      | Reached XP level 9. HP: 73/81 MP: 5/7
  4852 | D:7      | Reached skill level 8 in Axes
  4871 | D:7      | Reached skill level 2 in Invocations
  4945 | D:7      | Got a warped robe
  5242 | D:7      | Reached skill level 3 in Invocations
  5441 | D:7      | Reached *** piety under Makhleb
  5743 | D:8      | Reached skill level 9 in Axes
  5749 | D:8      | Reached skill level 7 in Armour
  5796 | D:8      | Reached skill level 4 in Invocations
  5900 | D:8      | Noticed a troll
  5908 | D:8      | Reached skill level 6 in Fighting
  5917 | D:8      | Killed a troll
  5923 | D:8      | Found a staircase to the Lair.
  6185 | D:8      | Reached XP level 10. HP: 91/91 MP: 10/10
  6475 | D:8      | Reached skill level 5 in Invocations
  6482 | D:8      | HP: 22/91 [electric eel/bolt of electricity (6)]
  6826 | D:9      | Reached skill level 10 in Axes
  6870 | D:9      | Reached **** piety under Makhleb
  7068 | D:9      | Found a staircase to the Orcish Mines.
  7136 | D:9      | HP: 15/92 [orc warrior/glaive (12)]
  7137 | D:9      | HP: 6/92 [orc warrior/glaive (9)]
  7138 | D:9      | Slain by an orc warrior

Vault maps used:
D:1:      minmay_arrival_stone_box, minmay_misc_feat_square,
          minmay_misc_feat_encased
D:3:      eino_tiny_chamber, hangedman_feature_mirror
D:4:      cheibrodos_barr_body, zin_academy, minmay_temple_entry_overgrown,
          first_ration, elyvilon_altar_5
D:5:      uniq_blork_the_orc
D:6:      cheibrodos_sewer_entry_drain, st_stairs_14, dk_noncrumbling_4
D:8:      erik_lair_island
D:9:      hiddenorc1_lemuel
Temple:   regret_index_temple_sigil_plot
Sewer:    sewer_co_15_rooms

Skill      XL: |  1  2  3  4  5  6  7  8  9 10 |
---------------+-------------------------------+-----
Dodging        | 1 2 3 4 |  4.7
Fighting       | 3 4 5 6 |  6.5
Axes           | 3 4 5 6 7 9 10 | 10.3
Armour         | 4 5 6 7 |  7.8
Shields        | 4 5 6 |  6.2
Invocations    | 1 4 5 |  5.7

Action                   |  1- 3 |  4- 6 |  7- 9 | 10-12 || total
-------------------------+-------+-------+-------+-------++-------
Melee: War axe           |    74 |   145 |   481 |   117 ||   817
Throw: Javelin           |    35 |    43 |    66 |       ||   144
 Abil: Heal Wounds       |       |     6 |     5 |     6 ||    17
  Use: Scroll            |       |     8 |     2 |    11 ||    21
       Potion            |       |       |     1 |       ||     1
  Eat: Chunk             |     1 |     4 |    14 |     1 ||    20
       Ration            |       |       |     1 |     1 ||     2
Armor: Scale mail        |    31 |       |       |       ||    31
       Plate armour      |    16 |   115 |   300 |    54 ||   485
Dodge: Dodged            |    34 |    28 |   189 |    42 ||   293
Block: Shield            |    54 |    80 |       |       ||   134
       Buckler           |       |     3 |   176 |    40 ||   219
       Reflection        |       |       |     4 |     1 ||     5

Table legend:
 A = Spawn XP
 B = Non-spawn XP
 C = Spawn XP percentage of total XP
 D = Spawn monster count
 E = Non-spawn monster count
 F = Spawn count percentage of total count
 G = Total turns spent on level
                    A         B        C        D         E        F      G
               +---------+---------+-------+---------+---------+-------+---------
         Total |       0 |    7164 |   0.0 |       0 |     269 |   0.0 |  7138
               +---------+---------+-------+---------+---------+-------+---------
           D:1 |       0 |      33 |   0.0 |       0 |      16 |   0.0 |   671
           D:2 |       0 |      69 |   0.0 |       0 |      18 |   0.0 |   679
           D:3 |       0 |     287 |   0.0 |       0 |      34 |   0.0 |   636
           D:4 |       0 |     395 |   0.0 |       0 |      20 |   0.0 |   692
           D:5 |       0 |    1451 |   0.0 |       0 |      32 |   0.0 |   906
           D:6 |       0 |     244 |   0.0 |       0 |       9 |   0.0 |   688
           D:7 |       0 |    1633 |   0.0 |       0 |      42 |   0.0 |  1031
           D:8 |       0 |    1664 |   0.0 |       0 |      37 |   0.0 |  1023
           D:9 |       0 |    1220 |   0.0 |       0 |      43 |   0.0 |   379
         Sewer |       0 |     168 |   0.0 |       0 |      18 |   0.0 |   372
               +---------+---------+-------+---------+---------+-------+---------

Vault maps used:
D:1:      minmay_arrival_stone_box, minmay_misc_feat_square,
          minmay_misc_feat_encased
D:3:      eino_tiny_chamber, hangedman_feature_mirror
D:4:      cheibrodos_barr_body, zin_academy, minmay_temple_entry_overgrown,
          first_ration, elyvilon_altar_5
D:5:      uniq_blork_the_orc
D:6:      cheibrodos_sewer_entry_drain, st_stairs_14, dk_noncrumbling_4
D:8:      erik_lair_island
D:9:      hiddenorc1_lemuel
Temple:   regret_index_temple_sigil_plot
Sewer:    sewer_co_15_rooms

Table legend:
 A = Turns spent in this place as a percentage of turns spent in the entire game.
 B = Non-inter-level travel turns spent in this place as a percentage of non-inter-level travel turns spent in the entire game.
 C = Inter-level travel turns spent in this place as a percentage of turns spent in this place.
 D = Turns resting spent in this place as a percentage of non-inter-level travel turns spent in this place.
 E = Turns spent auto-exploring this place as a percentage of non-inter-level travel turns spent in this place.
 F = Non-inter-level travel turns spent in this place divided by the number of levels of this place that you've seen.
                   A       B       C       D       E      F
               +-------+-------+-------+-------+-------+----------------------
         Total | 100.0 | 100.0 |   3.5 |   3.7 |  70.4 | 626.5
       Dungeon |  93.9 |  94.0 |   3.4 |   4.0 |  71.8 | 719.9
        Temple |   0.9 |   0.6 |  34.4 |   0.0 |  85.0 |  40.0
         Sewer |   5.2 |   5.4 |   0.0 |   0.0 |  43.3 | 372.0
               +-------+-------+-------+-------+-------+----------------------

Table legend:
 A = Kills in this place as a percentage of kills in entire the game.
 B = Kills by you in this place as a percentage of kills by you in the entire game.
 C = Kills by friends in this place as a percentage of kills by friends in the entire game.
 D = Other kills in this place as a percentage of other kills in the entire game.
 E = Experience gained in this place as a percentage of experience gained in the entire game.
 F = Experience gained in this place divided by the number of levels of this place that you have seen.
                   A       B       C       D       E      F
               +-------+-------+-------+-------+-------+----------------------
         Total | 100.0 | 100.0 |   N/A |   N/A | 100.0 | 651.3
       Dungeon |  93.3 |  93.3 |   N/A |   N/A |  97.7 | 777.3
         Sewer |   6.7 |   6.7 |   N/A |   N/A |   2.3 | 168.0
               +-------+-------+-------+-------+-------+----------------------
